AoeStats
← CalZing

Arena

510402049Analyzed
1v1 RM · 18h ago on Sep 30, 2026· 51m 26s· 2 players
Game mode
Random Map
Map size
Tiny (2 player)
Population
200
Speed
Normal
Resources
Standard
Victory
Conquest
Starting age
Dark Age
Ending age
Imperial Age
RankedLock teamsTeams togetherTeam positionsShared explorationLock speedFull tech treeHidden civsTurbo modeCheats
Victory
Defeat
🇺🇸 Spanish · United States
1235
+15
🇸🇪 Ethiopians · Sweden
1207
-15
Real CB
11:18 Feudal Age
15:01 Castle Age
13:51 Double-Bit Axe
13:47 Horse Collar
15:36 Loom
17:44 Fletching
17:54 Padded Archer Armor
18:24 Bow Saw
20:14 Leather Archer Armor
21:40 Heavy Plow
24:13 Bodkin Arrow
23:44 Elite Skirmisher
25:46 Wheelbarrow
26:38 Thumb Ring
30:50 Imperial Age
29:04 Gold Mining
30:52 Hand Cart
30:25 Town Watch
30:39 Stone Mining
31:54 Bracer
32:24 Ring Archer Armor
33:24 Two-Man Saw
33:04 Stone Shaft Mining
33:52 Town Patrol
34:26 Ballistics
35:06 Chemistry
34:19 Masonry
34:06 Murder Holes
35:51 Scale Barding Armor
35:56 Forging
37:20 Husbandry
37:30 Bloodlines
36:42 Light Cavalry
37:43 Chain Barding Armor
37:58 Iron Casting
39:13 Plate Barding Armor
38:47 Cavalier
40:55 Blast Furnace
40:35 Conscription
40:54 Paladin
45:11 Hussar
50:13 Architecture
CalZing
11:06 Feudal Age
9:23 Loom
14:43 Castle Age
13:36 Fletching
14:46 Crossbowman
16:29 Town Watch
17:19 Fervor
22:54 Horse Collar
23:35 Heavy Plow
25:32 Bodkin Arrow
27:20 Ballistics
27:09 Padded Archer Armor
28:04 Wheelbarrow
31:16 Imperial Age
29:50 Leather Archer Armor
29:39 Double-Bit Axe
31:09 Wheelbarrow
31:17 Fortified Wall
31:58 Bracer
33:04 Chemistry
33:04 Thumb Ring
32:31 Arbalester
33:31 Thumb Ring
35:33 Sanctity
36:22 Bow Saw
36:51 Ring Archer Armor
37:12 Torsion Engines
38:33 Siege Engineers
43:02 Halberdier
45:17 Royal Heirs
45:38 Conscription
44:40 Elite Shotel Warrior
45:22 Scale Mail Armor
45:33 Forging
45:41 Heavy Scorpion
46:53 Murder Holes
47:28 Chain Mail Armor
47:49 Iron Casting
46:56 Elite Shotel Warrior
49:39 Plate Mail Armor
Connection lost

Rejoining the realm…

Still unreachable

The connection could not be restored.

Session expired

The server has moved on; the page needs a fresh start.